 Dungeon Crawl Stone Soup version 0.29-a0-962-gc8bbfd0a37 (webtiles) character file.

Game seed: 14010160793001198761

473 wilfster70 the Gusty (level 6, -1/45 HPs)
             Began as a Draconian Air Elementalist on July 30, 2022.
             Killed from afar by Dowan (9 damage)
             ... with a stone arrow
             ... on level 4 of the Dungeon.
             The game lasted 00:10:39 (4531 turns).

wilfster70 the Gusty (Draconian Air Elementalist)   Turns: 4531, Time: 00:10:40

Health: -1/45      AC:  6    Str: 10    XL:     6   Next: 84%
Magic:  11/21      EV: 12    Int: 18    God:
Gold:   115        SH:  0    Dex: 11    Spells: 10/13 levels left

rFire   . . .      SeeInvis .   a - staff of air
rCold   + . .      Faith    .   (no shield)
rNeg    . . .      Spirit   .   (body armour unavailable)
rPois   .          Reflect  .   (helmet restricted)
rElec   +          Harm     .   (no cloak)
rCorr   .          Rampage  .   (no gloves)
Will    .....                   (no boots)
Stlth   ++........              (no amulet)
HPRegen 0.15/turn               h - ring of protection from cold
MPRegen 0.17/turn               o - ring of magical power

@: no status effects
A: AC +6, unfitting armour, cold-blooded
a: no special abilities


You were on level 4 of the Dungeon.
You visited 1 branch of the dungeon, and saw 4 of its levels.

You collected 163 gold pieces.
You spent 48 gold pieces at shops.

Inventory:

Hand Weapons
 b - a +0 sling
Armour
 l - an orb of energy
Magical Staves
 a - a staff of air (weapon)
Jewellery
 e - a ring of positive energy
 h - a ring of protection from cold (left hand)
 o - a ring of magical power (right hand)
Wands
 p - a wand of charming (2)
Scrolls
 i - a scroll of enchant armour
 k - a scroll of enchant weapon
 r - a scroll of teleportation
Potions
 c - 2 potions of invisibility {unknown}
 d - a potion of curing
 f - 4 potions of brilliance {unknown}
 g - a potion of magic
 j - 2 potions of ambrosia {unknown}
 m - a potion of mutation {unknown}
 n - a potion of flight {unknown}
 q - a potion of might {unknown}


   Skills:
 - Level 1.7 Dodging
 - Level 1.7 Stealth
 + Level 4.2 Spellcasting
 + Level 4.1 Conjurations
 + Level 5.1 Air Magic


You had 10 spell levels left.
You knew the following spells:

 Your Spells              Type           Power      Damage    Failure   Level
a - Shock                 Conj/Air       100%       1d9       2%          1
b - Static Discharge      Conj/Air       30%        3-7/arc   3%          2

Your spell library contained the following spells:

 Spells                   Type           Power      Damage    Failure   Level
 Swiftness                Air            33%        N/A       5%          3
 Apportation              Tloc           6%         N/A       14%         1
 Necrotise                Necr           12%        1d4       14%         1
 Summon Small Mammal      Summ           12%        N/A       14%         1
 Airstrike                Air            16%        0-6+      17%         4


Dungeon Overview and Level Annotations

Branches:
Dungeon (4/15)
 Temple: D:4-7

Altars:

Shops:
D:1 ?*

Annotations:
D:3 Sigmund
D:4 Blork the orc, Dowan


Innate Abilities, Weirdness & Mutations

Your plain brown scales are hard. (AC +6)
You cannot fit into any form of body armour.
You are cold-blooded and may be slowed by cold attacks.


Message History

Duvessa is almost dead.
You resist.
You are struck by an arc of lightning.
The lightning grounds out.
Duvessa hits you with a +2 short sword of speed.
Dowan says, "Magic and the sword, together, will defeat you."
Duvessa hits you with a +2 short sword of speed.
Duvessa hits you but does no damage. x2
Casting: Static Discharge (safe; 3% risk of failure)
Confirm with . or Enter, or press ? or * to list all spells.
You feel a surge of power!
Duvessa is struck by an arc of lightning.
You kill Duvessa!
Dowan seems overcome with grief.
Dowan seems to find hidden reserves of power!
You resist.
You are struck by an arc of lightning.
Dowan points at you and mumbles some strange words.
The shard of ice misses you. Dowan casts a spell at you.
The stone arrow hits you.
* * * LOW HITPOINT WARNING * * *
Your Spellcasting skill increases to level 4!
Your Conjurations skill increases to level 4!
Your Air Magic skill increases to level 5!
It was a potion of curing.
You feel better. Dowan misses you.
Blork the orc looks satisfied for a moment.
Dowan hits you but does no damage.
Casting: Static Discharge (safe; 3% risk of failure)
Confirm with . or Enter, or press ? or * to list all spells.
You feel a surge of power!
Dowan is struck by an arc of lightning!
Dowan is heavily wounded.
You resist.
You are struck by an arc of lightning.
Dowan is struck by an arc of lightning.
Dowan is severely wounded.
The lightning grounds out.
Blork the orc hits you from afar with a +0 trident.
Dowan barely misses you.
Blork the orc hits you from afar with a +0 trident!
* * * LOW HITPOINT WARNING * * *
Dowan gestures at you while chanting. The stone arrow hits you!
You die...

#+##### #.......##.#
###....####'##+###.#
.......####.##.# #.#
.. .............>#
#.# #.
#.....###.##.# #.#
#.. #.....# #.##.#
#.# ...#.b...#
#.##.# #.#
#.#..b..###.##)# #.#
#.#..#........oe@#
.......##.###.####
#.##...##.#...#
##.b##.#.#.#
#.e##.#.#.# ....o..
..# ###e.#.# ###
#o.#.# #....#


You could see Blork the orc (fast) and Dowan (fast).

Vanquished Creatures
  Duvessa (D:4)
  A water moccasin (D:2)
  2 hounds (D:4)
  Jessica (D:3)
  2 orc wizards (D:4)
  6 adders
  A white imp (D:3)
  A worm (D:4)
  4 orcs (D:4)
  6 ball pythons
  9 bats
  6 endoplasms
  4 giant cockroaches
  4 goblins
  5 hobgoblins
  2 jackals (D:1)
  8 kobolds
  2 quokkas
  6 frilled lizards
  5 rats
76 creatures vanquished.

Vanquished Creatures (others)
  13 plants (D:2)
13 creatures vanquished.

Grand Total: 89 creatures vanquished

Notes
Turn   | Place    | Note
-------+----------+-------------------------------------------
     0 | D:1      | wilfster70 the Draconian Air Elementalist began the quest
                  | for the Orb.
     0 | D:1      | Reached XP level 1. HP: 14/14 MP: 3/3
   254 | D:1      | Found Boil's Magic Scroll Boutique.
   311 | D:1      | Reached XP level 2. HP: 20/20 MP: 3/5
   347 | D:1      | Found Xomer's Assorted Antiques.
   400 | D:1      | Bought a scroll labelled KURYFFESUSI for 24 gold pieces
   400 | D:1      | Bought a scroll labelled MAUCRE ONUECSU for 24 gold pieces
   488 | D:1      | Found a faded altar of an unknown god.
  1191 | D:2      | Reached XP level 3. HP: 16/26 MP: 0/6
  2470 | D:3      | Noticed a water moccasin
  2589 | D:2      | Killed a water moccasin
  2590 | D:2      | Reached skill level 4 in Air Magic
  2590 | D:2      | Reached XP level 4. HP: 21/33 MP: 2/8
  2590 | D:2      | Reached XP level 5. HP: 24/38 MP: 2/9
  2706 | D:2      | Learned a level 2 spell: Static Discharge
  3068 | D:3      | Noticed Sigmund
  3251 | D:3      | Noticed Jessica
  3256 | D:3      | Killed Jessica
  3540 | D:4      | Noticed Dowan
  3541 | D:4      | Noticed Duvessa
  4192 | D:4      | Reached XP level 6. HP: 44/45 MP: 8/11
  4511 | D:4      | Noticed Blork the orc
  4527 | D:4      | Killed Duvessa
  4528 | D:4      | Reached skill level 5 in Air Magic
  4531 | D:4      | Killed from afar by Dowan

Illustrated notes

Levels and vault maps discovered:
D:1:      lightli_arrival_isolated_outpost, layout_loops_ring, serial_shops,
          shop, shop, basic_ecumenical_altar
D:2:      layout_loops_ring, lexackson_kobold_supper
D:3:      layout_rooms, uniq_sigmund, uniq_jessica
D:4:      layout_basic, uniq_natasha, uniq_duvessa, uniq_blork_the_orc

Skill      XL: |  1  2  3  4  5  6 |
---------------+-------------------+-----
Conjurations   | 2 3 4 |  4.1
Spellcasting   | 3 4 |  4.2
Air Magic      | 4 5 |  5.1
Dodging        | |  1.7
Stealth        | |  1.7

Action                   |  1- 3 |  4- 6 || total
-------------------------+-------+-------++-------
Melee: Unarmed           |    10 |       ||    10
       Tailslap          |     3 |     2 ||     5
       Dagger            |    23 |       ||    23
       Punch             |     1 |     1 ||     2
       Staff             |       |    21 ||    21
 Cast: Shock             |    90 |    49 ||   139
       Static Discharge  |       |    17 ||    17
  Use: Scroll            |     6 |     5 ||    11
       Potion            |       |     1 ||     1
Armor: Skin              |    45 |    33 ||    78
Dodge: Dodged            |    83 |    55 ||   138

Table legend: (Time is in decaauts)
 A = Elapsed time spent in this place.
 B = Non-inter-level travel time spent in this place.
 C = Inter-level travel time spent in this place.
 D = Time resting spent in this place.
 E = Time spent auto-exploring this place.
 F = Levels seen in this place.
 G = Mean time per level.
                   A        B        C        D        E       F      G
               +--------+--------+--------+--------+--------+-----+--------+
         Total |   4544 |   4418 |    126 |   1744 |   1582 |   4 | 1136.0 |
       Dungeon |   4544 |   4418 |    126 |   1744 |   1582 |   4 | 1136.0 |
               +--------+--------+--------+--------+--------+-----+--------+

Top non-repeatable levels by time:
     D:2: 1372 daAuts
     D:1: 1354 daAuts
     D:3: 1353 daAuts
     D:4: 464 daAuts
